 Dungeon Crawl Stone Soup version 0.29.1-15-g9cfb28693d (webtiles) character file.

Game seed: 2325841471147429430

74 Heoruswealwe the Caller (level 4, -1/24 HPs)
             Began as a Deep Elf Summoner on Apr 12, 2023.
             Was a Believer of Sif Muna.
             Succumbed to an orc's poison
             ... on level 3 of the Dungeon.
             The game lasted 00:16:41 (1815 turns).

Heoruswealwe the Caller (Deep Elf Summoner)         Turns: 1815, Time: 00:16:42

Health: -1/24      AC:  3    Str:  5    XL:     4   Next: 9%
Magic:  11/12      EV: 12    Int: 22    God:    Sif Muna [**....]
Gold:   92         SH:  0    Dex: 15    Spells: 4/12 levels left

rFire   . . .      SeeInvis .   v - +2 short sword (elec)
rCold   . . .      Faith    .   (no shield)
rNeg    . . .      Spirit   .   a - +0 robe
rPois   .          Reflect  .   (no helmet)
rElec   .          Harm     .   (no cloak)
rCorr   .          Rampage  .   e - +0 pair of gloves
Will    .....                   (no boots)
Stlth   ++........              j - amulet of the acrobat
HPRegen 0.08/turn               (no ring)
MPRegen 0.13/turn               (no ring)

@: lethally poisoned (-1 -> -27)
A: no striking features
a: Renounce Religion, Channel Magic


You were on level 3 of the Dungeon.
You worshipped Sif Muna.
Sif Muna was pleased with you.
You visited 1 branch of the dungeon, and saw 3 of its levels.

You collected 92 gold pieces.

Inventory:

Hand Weapons
 v - a +2 short sword of electrocution (weapon)
Armour
 a - a +0 robe (worn)
 e - a +0 pair of gloves (worn)
 m - a +0 robe
 q - a +0 robe
Jewellery
 j - an amulet of the acrobat (around neck)
Scrolls
 d - 5 scrolls of identify {unknown}
 f - 2 scrolls of magic mapping {unknown}
 g - a scroll of noise {unknown}
 h - a scroll of amnesia {unknown}
 i - 2 scrolls of torment {unknown}
 n - a scroll of fog {unknown}
 s - a scroll of summoning {unknown}
 t - a scroll of teleportation {unknown}
Potions
 b - a potion of magic
 c - a potion of brilliance {unknown}
 k - a potion of might {unknown}
 l - a potion of heal wounds {unknown}
 o - a potion of attraction {unknown}
 p - a potion of berserk rage {unknown}
 u - 2 potions of haste {unknown}


   Skills:
 - Level 2.4 Dodging
 - Level 2.4 Stealth
 + Level 4.7 Spellcasting
 + Level 5.4 Summonings


You had 4 spell levels left.
You knew the following spells:

 Your Spells              Type           Power      Damage    Failure   Level
a - Summon Small Mammal   Summ           100%       N/A       1%          1
b - Call Canine Familiar  Summ           28%        N/A       3%          3
c - Summon Lightning Spi  Summ/Air       17%        N/A       34%         4

Your spell library contained the following spells:

 Spells                   Type           Power      Damage    Failure   Level
 Call Imp                 Summ           28%        N/A       1%          2
 Summon Guardian Golem    Hex/Summ       17%        N/A       11%         3
 Anguish                  Hex/Necr       2%         N/A       71%         4
 Enfeeble                 Hex            2%         N/A       100%        7


Dungeon Overview and Level Annotations

Branches:
Dungeon (3/15)

Altars:
Sif Muna
Wu Jian


Message History

The orc closely misses your hound.
Your hound bites the orc.
Your hound bites the orc.
Your hound closely misses the orc.
The orc hits your hound with a +0 dagger.
The orc closely misses your hound.
Your hound bites the orc.
The orc dies!
Sif Muna accepts your kill.
The orc hits your hound but does no damage.
Your hound bites the orc.
Your hound bites the orc.
The orc hits your hound with a +1 short sword of venom.
Your hound bites the orc.
The orc hits your hound with a +1 short sword of venom.
Your hound is poisoned.
Your hound barely misses the orc.
Your hound bites the orc but does no damage.
The orc hits your hound with a +1 short sword of venom.
Your hound dies!
Your hound's corpse disappears in a puff of smoke!
You hit the orc but do no damage.
The orc is severely wounded.
You hit the orc.
You kill the orc!
Sif Muna accepts your kill.
The orc hits you with a +0 short sword of venom.
You are poisoned.
You closely miss the orc.
You feel very sick.
The orc hits you with a +0 short sword of venom.
You are lethally poisoned!
The orc hits you with a +0 short sword of venom.
You are more poisoned.
You hit the orc.
The orc is heavily wounded.
* * * LOW HITPOINT WARNING * * *
You feel extremely sick. The orc barely misses you.
You barely miss the orc.
The orc is heavily wounded.
You die...

#.####.##.....)......
#.## #.##....)>.†..).
#..###)#####..##.....
##..##.###...####....
##........### #....
#........# #....
#........# #..##
##.......# #..#
#@)^....# #..#
#o####### #... #)..#
#.#. ###)# ..# ...
.... ..## ..#


You could see an orc.

Vanquished Creatures
  3 orcs (D:3)
  A ball python (D:3)
  A kobold (D:2)
  A rat (D:3)
6 creatures vanquished.

Vanquished Creatures (collateral kills)
  An adder (D:2)
  4 orcs (D:3)
  2 endoplasms
  2 giant cockroaches
  11 goblins
  5 hobgoblins
  5 ball pythons
  5 bats (D:2)
  3 frilled lizards
  3 kobolds
  7 rats
48 creatures vanquished.

Grand Total: 54 creatures vanquished

Notes
Turn   | Place    | Note
-------+----------+-------------------------------------------
     0 | D:1      | Heoruswealwe the Deep Elf Summoner began the quest for the
                  | Orb.
     0 | D:1      | Reached XP level 1. HP: 10/10 MP: 6/6
   253 | D:1      | Reached XP level 2. HP: 15/15 MP: 6/8
   946 | D:2      | Reached skill level 5 in Summonings
   946 | D:2      | Reached XP level 3. HP: 19/19 MP: 10/10
   961 | D:2      | Learned a level 3 spell: Call Canine Familiar
   984 | D:2      | Found an ornate altar of the Wu Jian Council.
  1020 | D:2      | Found a faded altar of an unknown god.
  1077 | D:2      | Prayed at the altar of an unknown god.
  1077 | D:2      | Became a worshipper of Sif Muna the Loreminder
  1077 | D:2      | Reached * piety under Sif Muna
  1766 | D:3      | Reached XP level 4. HP: 17/24 MP: 12/12
  1771 | D:3      | Learned a level 4 spell: Summon Lightning Spire
  1805 | D:3      | Reached ** piety under Sif Muna
  1815 | D:3      | Succumbed to an orc's poison

Illustrated notes

Levels and vault maps discovered:
D:1:      dpeg_arrival_pits, layout_rooms
D:2:      layout_basic, basic_altar, dreamdust_ecumenical_altar_statues,
          chequers_decorated_corner, grunt_ministairs_4
D:3:      layout_rooms, uniq_jessica

Skill      XL: |  1  2 |
---------------+-------+-----
Spellcasting   | 4 |  4.7
Summonings     | 5 |  5.4
Dodging        | |  2.4
Stealth        | |  2.4

Action                   |  1- 3 |  4- 6 || total
-------------------------+-------+-------++-------
Melee: Short sword       |     7 |     5 ||    12
       Trident           |     4 |       ||     4
 Cast: Summon Small Mamm |    19 |       ||    19
       Call Canine Famil |     4 |     1 ||     5
Armor: Robe              |     4 |       ||     4
Dodge: Dodged            |    35 |     1 ||    36
